 Dungeon Crawl Stone Soup version 0.18.1-5-g4a78601 (webtiles) character file.

4625 Helmschank the Grappler (level 10, -12/85 HPs)
             Began as a Troll Hunter on May 14, 2016.
             Was an Elder of Makhleb.
             Killed from afar by demiskeleton's ghost (19 damage)
             ... with a bolt of negative energy
             ... on level 9 of the Dungeon.
             The game lasted 00:41:32 (7160 turns).

Helmschank the Grappler (Troll Hunter)              Turns: 7160, Time: 00:41:32

Health: -12/85     AC: 10    Str: 23    XL:     10   Next: 19%
Magic:  13/13      EV: 10    Int:  7    God:    Makhleb [****..]
Gold:   466        SH: 12    Dex: 12    Spells: 0 memorised, 9 levels left

rFire  . . .     SeeInvis .       - Unarmed
rCold  . . .     Gourm    +     F - +0 robe {rN+}
rNeg   + . .     Faith    .     v - +0 shield
rPois  .         Spirit   .     (helmet restricted)
rElec  .         Dismiss  .     c - +2 cloak
rCorr  .         Reflect  .     (gloves unavailable)
SustAt .         Harm     .     (boots unavailable)
MR     .....                    (no amulet)
Stlth  +.........               (no ring)
                                (no ring)

@: drained, not resistant to hostile enchantments, very unstealthy
A: unfitting armour, claws 3, talons 1, large bone plates 1, fast metabolism 3,
gourmand, regeneration 2, shaggy fur 1, tough skin 2
a: Minor Destruction, Lesser Servant of Makhleb, Major Destruction, Renounce
Religion


You were on level 9 of the Dungeon.
You worshipped Makhleb.
Makhleb was greatly pleased with you.
You were full.

You visited 1 branch of the dungeon, and saw 9 of its levels.

You collected 466 gold pieces.

Inventory:

Hand Weapons
 b - a +0 short sword
 m - a +0 giant spiked club
 E - a +0 whip of flaming
Missiles
 k - 37 poisoned needles
 R - 230 stones (quivered)
 Y - 2 throwing nets
 Z - 5 large rocks
Armour
 a - a +1 robe
 c - a +2 cloak (worn)
 v - a +0 shield (worn)
 F - a +0 robe of positive energy (worn)
Wands
 h - a wand of lightning (0/15)
 p - a wand of slowing (30/48)
Scrolls
 d - 2 scrolls of fog
 g - 2 scrolls of teleportation
 w - 2 scrolls of remove curse
 y - a scroll of fear
Potions
 l - a potion of invisibility
 o - 2 potions of ambrosia
 q - a potion of agility {unknown}
 s - a potion of mutation {unknown}
 u - 2 potions of haste
 x - 4 potions of curing
 z - 2 potions of flight
 B - a potion of might
 D - a potion of lignification {unknown}
Books
 e - a book of Necromancy

   Spells                             Type                      Level
   a - Pain                           Necromancy                   1
   b - Animate Skeleton               Necromancy                   1
   c - Vampiric Draining              Necromancy                   3
   d - Regeneration                   Charms/Necromancy            3
   e - Animate Dead                   Necromancy                   4
   f - Control Undead                 Necromancy                   4
 t - a book of Annihilations

   Spells                             Type                      Level
   a - Poison Arrow                   Conjuration/Poison           6
   b - Chain Lightning                Conjuration/Air              8
   c - Lehudib's Crystal Spear        Conjuration/Earth            8
   d - Glaciate                       Conjuration/Ice              9
   e - Fire Storm                     Conjuration/Fire             9
Comestibles
 f - 11 bread rations
 i - 7 slices of pizza
 j - a chunk of flesh
 n - 5 meat rations
 A - a beef jerky


   Skills:
 - Level 1.5(0.6) Fighting
 - Level 3.6(2.6) Throwing
 - Level 4.5(3.5) Dodging
 - Level 0.4(0.0) Stealth
 * Level 6.5(5.5) Shields
 + Level 9.4(8.2) Unarmed Combat
 + Level 6.0(5.0) Invocations


You had 9 spell levels left.
You didn't know any spells.

Dungeon Overview and Level Annotations

Branches:
Dungeon (9/15)             Temple (0/1) D:5
   Lair: D:8-11         Orc: D:9-12

Altars:
Cheibriados
Dithmenos
Elyvilon
Gozag
Makhleb
Nemelex Xobeh
Okawaru
Qazlal
Ru
Sif Muna
Zin
The Shining One

Shops:
D:6 *   D:7 (

Annotations:
D:9 demiskeleton's ghost, novice DrMo


Innate Abilities, Weirdness & Mutations

You are too large for most types of armour.
You have claws for hands.
Your metabolism is lightning-fast.
You like to eat raw meat.
You heal very quickly.
You are covered in fur (AC +1).
You have very tough skin (AC +2).
You have sharp toenails.
You are partially covered in large bone plates (AC +2, SH +2).


Message History

Demiskeleton's ghost is almost destroyed.
Demiskeleton's ghost whispers, "The ORB doesn't exist."
Demiskeleton's ghost hits you!
* * * LOW HITPOINT WARNING * * *
You take 12 damage, and have 7/85 hp.
Evoke which item? (* to show all) (? for menu, Esc to quit)
Okay, then.
Evoke which item? (* to show all) (? for menu, Esc to quit)
Zapping:
h - a wand of lightning (will waste charges)
Press: ? - help, Shift-Dir - straight line, f - demiskeleton's ghost
Aim: demiskeleton's ghost (almost destroyed)
You hear a mighty clap of thunder!
The bolt of lightning misses demiskeleton's ghost.
The bolt of lightning hits the kobold skeleton.
You destroy the kobold skeleton!
Makhleb accepts your kill.
Evoking this partially-identified wand wasted a few charges.
Demiskeleton's ghost breathes negative energy at you.
The bolt of negative energy hits you! You partially resist.
You feel drained.
You die...

#...#...=.......#
####...#...≈≈......#
.......#...≈≈......#
.......#...≈≈......#
#...§..........#
...Z...#...........#
...Z#..#...........#
..5 #..####W####'###
_ ... ##@####.#
.#..Z.........#
.#....########<# ##
#.. #.# #÷# #.# #.#
#.# #.#


You could see demiskeleton's ghost and a goblin zombie.

Vanquished Creatures
  Pikel (D:8)
  Maurice (D:8)
  Joseph (D:8)
  A two-headed ogre (D:7)
  A spriggan (D:7)
  An ice beast (D:8)
  3 orc warriors
  Duvessa (D:4)
  A necrophage (D:8)
  A sky beast (D:7)
  A phantom (D:5)
  A wasp (D:7)
  2 ogres
  4 giant frogs
  A water moccasin zombie (D:8)
  Dowan (D:4)
  3 scorpions
  A wyvern skeleton (D:7)
  7 killer bees
  3 wights
  A howler monkey (D:4)
  5 crimson imps
  A giant frog zombie (D:5)
  A centaur zombie (D:6)
  A hound (D:9)
  2 orc wizards
  A centaur skeleton (D:4)
  2 giant frog skeletons
  An iguana (D:3)
  Ijyb (D:3)
  4 worker ants
  A hound zombie (D:5)
  A howler monkey zombie (D:6)
  16 adders
  7 gnolls
  2 shadow imps
  An adder zombie (D:6)
  2 adder skeletons
  2 worms
  2 dart slugs (D:1)
  3 giant geckos
  23 orcs
  5 bats
  3 giant cockroaches
  10 goblins
  8 hobgoblins
  22 jackals
  6 kobolds
  3 quokkas
  6 ball pythons
  A giant gecko skeleton (D:6)
  6 giant newts
  A jackal skeleton (D:5)
  A kobold skeleton (D:9)
  An orc skeleton (D:9)
  6 rats
195 creatures vanquished.

Vanquished Creatures (others)
  4 slaves (D:8)
  An ogre (D:9)
  A centaur (D:9)
  A giant frog (D:9)
  A wight (D:8)
  An iguana (D:9)
  A worker ant (D:9)
  An adder (D:8)
11 creatures vanquished.

Grand Total: 206 creatures vanquished

Notes
Turn   | Place    | Note
--------------------------------------------------------------
     0 | D:1      | Helmschank the Troll Hunter began the quest for the Orb.
     0 | D:1      | Reached XP level 1. HP: 19/19 MP: 0/0
    35 | D:1      | Reached skill level 1 in Unarmed Combat
   130 | D:1      | Reached XP level 2. HP: 27/27 MP: 1/1
   291 | D:1      | Reached skill level 2 in Unarmed Combat
   481 | D:2      | Reached XP level 3. HP: 33/33 MP: 2/2
   798 | D:2      | Reached skill level 3 in Unarmed Combat
   898 | D:2      | Reached XP level 4. HP: 41/41 MP: 3/3
   925 | D:2      | Found a burning altar of Makhleb.
  1089 | D:2      | Became a worshipper of Makhleb the Destroyer
  1169 | D:2      | Found a sacrificial altar of Ru.
  1524 | D:2      | Reached XP level 5. HP: 48/48 MP: 4/4
  1559 | D:2      | Reached * piety under Makhleb
  1623 | D:2      | Reached skill level 4 in Unarmed Combat
  1880 | D:3      | Found a stormy altar of Qazlal.
  2106 | D:3      | Noticed Ijyb
  2114 | D:3      | Killed Ijyb
  2206 | D:4      | Reached ** piety under Makhleb
  2513 | D:4      | Reached XP level 6. HP: 52/55 MP: 5/5
  2527 | D:4      | Found a white marble altar of Elyvilon.
  2583 | D:4      | Reached skill level 5 in Unarmed Combat
  2822 | D:4      | Reached skill level 1 in Invocations
  3097 | D:4      | Noticed Dowan
  3098 | D:4      | Noticed Duvessa
  3245 | D:4      | Killed Duvessa
  3245 | D:4      | Reached XP level 7. HP: 61/62 MP: 7/7
  3250 | D:4      | Killed Dowan
  3250 | D:4      | Reached skill level 6 in Unarmed Combat
  3527 | D:5      | Entered Level 5 of the Dungeon
  3536 | D:5      | Reached *** piety under Makhleb
  3620 | D:5      | Found a shadowy altar of Dithmenos.
  3715 | D:5      | Found a staircase to the Ecumenical Temple.
  4368 | D:6      | Reached skill level 7 in Unarmed Combat
  4368 | D:6      | Reached XP level 8. HP: 70/70 MP: 9/9
  4416 | D:6      | Reached **** piety under Makhleb
  4515 | D:6      | Found a sparkling altar of Nemelex Xobeh.
  4522 | D:6      | Found an opulent altar of Gozag.
  4527 | D:6      | Found Gozag's Platinum Reserve.
  4602 | D:6      | Found a glowing silver altar of Zin.
  4626 | D:6      | Reached skill level 1 in Shields
  4888 | D:7      | Found a snail-covered altar of Cheibriados.
  4900 | D:7      | Noticed a two-headed ogre
  4911 | D:7      | Killed a two-headed ogre
  4911 | D:7      | Reached skill level 8 in Unarmed Combat
  5035 | D:7      | Found a snail-covered altar of Cheibriados.
  5050 | D:7      | Found a deep blue altar of Sif Muna.
  5233 | D:7      | Reached XP level 9. HP: 67/76 MP: 11/11
  5327 | D:7      | Found Icoasheu's Antique Weapon Shoppe.
  5702 | D:8      | Noticed Pikel
  5729 | D:8      | Killed Pikel
  5764 | D:8      | Noticed Joseph
  5806 | D:7      | Reached skill level 5 in Invocations
  6079 | D:7      | Gained mutation: You have sharp toenails. [potion of beneficial mutation]
  6080 | D:7      | Gained mutation: You are partially covered in large bone plates (AC +2, SH +2). [potion of beneficial mutation]
  6090 | D:8      | Killed Joseph
  6090 | D:8      | Reached skill level 5 in Shields
  6090 | D:8      | Reached skill level 9 in Unarmed Combat
  6360 | D:8      | Found a shadowy altar of Dithmenos.
  6370 | D:8      | Found an iron altar of Okawaru.
  6491 | D:8      | Reached XP level 10. HP: 41/85 MP: 13/13
  6632 | D:8      | Noticed Maurice
  6991 | D:8      | Killed Maurice
  7115 | D:9      | Found a glowing golden altar of the Shining One.
  7115 | D:9      | Noticed demiskeleton's ghost (novice DrMo)
  7160 | D:9      | Killed from afar by demiskeleton's ghost

Skill      XL: |  1  2  3  4  5  6  7  8  9 10 |
---------------+-------------------------------+-----
Unarmed Combat | 1 2 3 4 5 7 8 9 |  9.4
Dodging        | 2 3 4 |  4.5
Invocations    | 1 3 4 5 6 |  6.0
Shields        | 3 6 |  6.5
Fighting       | |  1.5
Throwing       | |  3.6
Stealth        | |  0.4

Action                   |  1- 3 |  4- 6 |  7- 9 | 10-12 || total
-------------------------+-------+-------+-------+-------++-------
Melee: Unarmed           |    75 |   191 |   309 |    79 ||   654
       Punch             |       |     3 |     5 |       ||     8
       Kick              |       |       |    13 |    27 ||    40
Throw: Stone             |    13 |    97 |    63 |    13 ||   186
       Large rock        |     5 |     4 |     3 |       ||    12
       Throwing net      |     2 |     1 |       |       ||     3
Invok: Lesser Servant of |       |       |     2 |     2 ||     4
Evoke: Wand              |       |       |       |     1 ||     1
  Use: Scroll            |       |    16 |     8 |       ||    24
       Potion            |       |       |     3 |     2 ||     5
 Stab: Sleeping          |       |     2 |     1 |     1 ||     4
  Eat: Chunk             |    14 |    21 |    30 |     3 ||    68
Armor: Robe              |    19 |    73 |    62 |     6 ||   160
Dodge: Dodged            |    37 |   108 |   116 |    14 ||   275
Block: Shield            |       |       |    47 |    29 ||    76
